 Dungeon Crawl Stone Soup version 0.18-a0-1418-ga86aa8f (webtiles) character file.

6963 Tomstefer the Spear-Bearer (level 11, -2/90 HPs)
             Began as a Human Fighter on Feb 26, 2016.
             Was an Elder of Ashenzari.
             Slain by a blink frog (7 damage)
             ... on level 10 of the Dungeon.
             The game lasted 00:24:59 (8802 turns).

Tomstefer the Spear-Bearer (Human Fighter)          Turns: 8802, Time: 00:24:59

Health: -2/90      AC: 17    Str: 28    XL:     11   Next: 28%
Magic:  11/11      EV: 10    Int:  8    God:    Ashenzari [****..]
Gold:   643        SH:  0    Dex: 17    Spells: 1 memorised, 6 levels left

rFire  . . .     SeeInvis +     D - +9 glaive "Kiloguxu" {drain, Fragile rElec rN++ SInv} (curse)
rCold  . . .     Gourm    .     t - +2 chain mail {rPois}
rNeg   + + .     Faith    .     (shield currently unavailable)
rPois  +         Spirit   .     K - +0 helmet
rElec  +         Dismiss  .     j - +0 cloak
rCorr  .         Reflect  .     B - +0 pair of gloves {Dex+3}
SustAt .         Harm     .     F - +0 pair of boots
MR     +....     Clarity  +     l - amulet of rage (curse)
Stlth  ..........               E - ring of protection from magic
                                n - +4 ring of strength (curse)

@: mighty, somewhat resistant to hostile enchantments, extremely unstealthy
A: no striking features
a: Curse Item, Scrying, Renounce Religion, Evoke Berserk Rage


You were on level 10 of the Dungeon.
You worshipped Ashenzari.
Ashenzari was greatly pleased with you.
You were not hungry.

You visited 2 branches of the dungeon, and saw 11 of its levels.

You collected 643 gold pieces.

Inventory:

Hand Weapons
 x - a +2 trident of flaming
 C - a +1 spear of venom
 D - the cursed +9 glaive "Kiloguxu" (weapon) {drain, Fragile rElec rN++ SInv}
   (You found it on level 4 of the Dungeon)

   A truly terrible weapon, it drains the life of those it strikes.
   It insulates you from electricity.
   It greatly protects you from negative energy.
   It lets you see invisible.
   It will be destroyed if unequipped.
   It has a curse placed upon it.
Armour
 j - a +0 cloak (worn)
 t - a +2 chain mail of poison resistance (worn)
 B - a +0 pair of gloves of dexterity (worn)
 F - a +0 pair of boots (worn)
 K - a +0 helmet (worn)
Jewellery
 l - a cursed amulet of rage (around neck)
 n - a cursed +4 ring of strength (left hand)
 E - a ring of protection from magic (right hand)
 O - a +4 ring of evasion
Wands
 b - a wand of digging (18/24)
 c - a wand of polymorph (16/24)
 h - a wand of paralysis (8/24)
 i - a wand of flame (14/48)
Scrolls
 k - 2 scrolls of amnesia
 o - a scroll of enchant weapon
 q - 2 scrolls of enchant armour {unknown}
 s - 4 scrolls of magic mapping
 y - 3 scrolls of remove curse
 H - a scroll of fog {unknown}
 I - a scroll of blinking {unknown}
 N - 3 scrolls of identify
 P - a scroll of vulnerability {unknown}
 Q - a scroll of recharging {unknown}
Potions
 d - a potion of might
 e - 2 potions of magic
 p - 3 potions of cure mutation
 r - a potion of agility {unknown}
 u - 2 potions of curing {unknown}
 w - 2 potions of cancellation {unknown}
 z - 3 potions of flight {unknown}
 A - 2 potions of haste
 G - 2 potions of heal wounds {unknown}
 J - 2 potions of invisibility {unknown}
Books
 M - a book of the Sky

   Spells                             Type                      Level
   a - Summon Lightning Spire         Summoning/Air                4
   b - Airstrike                      Air                          4
   c - Silence                        Hexes/Air                    5
   d - Deflect Missiles               Charms/Air                   6
   e - Conjure Ball Lightning         Conjuration/Air              6
   f - Tornado                        Air                          9
Comestibles
 a - 23 fruits
 f - 2 bread rations
 g - 4 slices of pizza
 m - a beef jerky
 v - 5 meat rations
 L - a royal jelly


   Skills:
 - Level 10.0 Fighting
   Level 3.8 Long Blades
 * Level 10.2(14.4) Polearms
 - Level 6.1 Armour
 + Level 2.6 Dodging
   Level 3.0 Shields
 + Level 5.7(8.0) Air Magic


You had 6 spell levels left.
You knew the following spells:

 Your Spells              Type           Power        Failure   Level  Hunger
a - Airstrike             Air            ##........   80%         4    #####..


Dungeon Overview and Level Annotations

Branches:
Dungeon (10/15)            Temple (0/1) D:5            Lair (1/8) D:10
    Orc (0/2) D:10

Altars:
Ashenzari
Cheibriados
Dithmenos
Elyvilon
Fedhas
Gozag
Okawaru
Pakellas
Qazlal
Sif Muna
Vehumet
Yredelemnul
The Shining One

Shops:
D:4 *   D:8 }   D:9 %


Message History

You climb upwards.
Welcome back to the Dungeon!
There is a staircase to the Lair here.
Drink which item? (? for menu, Esc to quit)
You feel very mighty all of a sudden. The wolf closely misses you.
The blink frog hits you!
* * * LOW HITPOINT WARNING * * *
The blink frog blinks!
The wolf bites you but does no damage. The blink frog closely misses you.
You are too injured to fight recklessly!
You are too injured to fight recklessly!
You are too injured to fight recklessly!
You slice the wolf!!
You kill the wolf!
The blink frog blinks!
You closely miss the blink frog. The blink frog hits you!
* * * LOW HITPOINT WARNING * * *
You slice the blink frog!! You drain the blink frog!
The blink frog is almost dead.
The blink frog hits you!
You die...

....## #.........##....≈§§§§....
.....###..........P.#....≈≈§†....
...............P..†......).§§....
..............P....%..P..........
............PP(P...P.P...........
...........{PP..P.P...P..........
.............P.####PPP.P.........
........)..ZP..#F§F...P..........
...###.....P..P#@)#P.PP..........
...# #......PP.####.P............
...###.....P÷PP..P.P.............
..............PP....P..##....§§≈≈
...............PPP.....###...§≈≈§
........>÷..P.P.P.PP..## #...§§§≈
.........†........P..## ##...≈≈§§
......................###.....≈≈§
...###........................(..


You could see 2 blink frogs.

Vanquished Creatures
  Erolcha (D:8)
  Pikel (D:8)
  Grinder (D:5)
  Sigmund (D:2)
  A yak (D:10)
  A hungry ghost (D:9)
  Grum (D:8)
  4 wargs (D:10)
  5 wolves
  3 orc warriors
  An ice beast (D:7)
  A slave (D:8)
  A wasp (D:10)
  2 phantoms
  6 centaurs
  3 ogres
  4 big kobolds
  7 giant frogs
  A gnoll sergeant (D:8)
  2 scorpions (D:10)
  A water moccasin skeleton (D:8)
  5 killer bees (D:10)
  3 wights (D:7)
  A howler monkey (D:7)
  2 crimson imps
  A centaur zombie (D:9)
  2 giant frog zombies (D:7)
  6 orc priests
  A hound (D:8)
  3 jellies
  A centaur skeleton (D:6)
  4 orc wizards
  Terence (D:2)
  2 iguanas
  9 worker ants
  A killer bee zombie (D:8)
  A hound zombie (D:5)
  A hound skeleton (D:5)
  A howler monkey zombie (D:10)
  2 worker ant zombies
  6 adders
  14 gnolls
  3 river rats (D:10)
  2 shadow imps
  An ooze (D:7)
  2 worms
  A dart slug (D:5)
  5 giant geckos
  20 orcs
  2 ball pythons
  20 bats
  5 giant cockroaches
  9 goblins
  6 hobgoblins
  9 jackals
  6 quokkas
  3 giant newts
  22 kobolds
  14 rats
245 creatures vanquished.

Vanquished Creatures (others)
  A slave (D:8)
  An iguana (D:8)
  A fungus (D:10)
  A plant (D:3)
4 creatures vanquished.

Grand Total: 249 creatures vanquished

Notes
Turn   | Place    | Note
--------------------------------------------------------------
     0 | D:1      | Tomstefer the Human Fighter began the quest for the Orb.
     0 | D:1      | Reached XP level 1. HP: 18/18 MP: 1/1
   152 | D:1      | Reached XP level 2. HP: 24/24 MP: 2/2
   432 | D:1      | Reached XP level 3. HP: 27/29 MP: 3/3
   829 | D:2      | Found a shattered altar of Ashenzari.
   836 | D:2      | Found a blossoming altar of Fedhas.
   842 | D:2      | Found a radiant altar of Vehumet.
   854 | D:2      | Became a worshipper of Ashenzari the Shackled
   866 | D:2      | Found a snail-covered altar of Cheibriados.
   873 | D:2      | Found an opulent altar of Gozag.
   878 | D:2      | Found an iron altar of Okawaru.
   885 | D:2      | Found a stormy altar of Qazlal.
  1181 | D:2      | Noticed Sigmund
  1203 | D:2      | Killed Sigmund
  1203 | D:2      | Reached XP level 4. HP: 17/37 MP: 4/4
  1203 | D:2      | Reached XP level 5. HP: 19/42 MP: 5/5
  1203 | D:2      | Reached XP level 6. HP: 21/48 MP: 6/6
  1939 | D:2      | Noticed Terence
  1957 | D:2      | Killed Terence
  2259 | D:3      | Found an oddly glowing altar of Pakellas.
  2763 | D:4      | Reached * piety under Ashenzari
  2941 | D:4      | Found a white marble altar of Elyvilon.
  2979 | D:4      | Reached skill level 5 in Armour
  2990 | D:4      | Found Zoteph's Elemental Accessories.
  2995 | D:4      | Reached skill level 5 in Fighting
  2995 | D:4      | Reached XP level 7. HP: 34/56 MP: 7/7
  3561 | D:4      | Got the glaive "Kiloguxu" {drain, Fragile rElec rN++ SInv}
  3570 | D:4      | Identified the +9 glaive "Kiloguxu" {drain, Fragile rElec rN++ SInv} (You found it on level 4 of the Dungeon)
  3959 | D:4      | Found a basalt altar of Yredelemnul.
  4354 | D:5      | Entered Level 5 of the Dungeon
  4364 | D:5      | Reached skill level 1 in Polearms
  4420 | D:5      | Noticed Grinder
  4433 | D:5      | Killed Grinder
  4433 | D:5      | Reached XP level 8. HP: 57/64 MP: 8/8
  4571 | D:5      | Found a staircase to the Ecumenical Temple.
  5064 | D:6      | Reached XP level 9. HP: 72/72 MP: 9/9
  5157 | D:6      | Reached ** piety under Ashenzari
  5310 | D:6      | Found a shadowy altar of Dithmenos.
  5313 | D:6      | Found a deep blue altar of Sif Muna.
  5407 | D:6      | Reached skill level 5 in Polearms
  5937 | D:7      | Identified the cursed +0 long sword of the Enemy {venom, Int+3}
  6343 | D:7      | Found a glowing golden altar of the Shining One.
  6425 | D:7      | Learned a level 4 spell: Airstrike
  6440 | D:8      | Noticed Erolcha
  6459 | D:8      | Killed Erolcha
  6459 | D:8      | Reached XP level 10. HP: 53/83 MP: 10/10
  6488 | D:8      | Reached *** piety under Ashenzari
  6560 | D:8      | Noticed Pikel
  6567 | D:8      | Killed Pikel
  6791 | D:8      | Noticed Grum
  6810 | D:8      | Killed Grum
  6820 | D:8      | Found Udappupt's Gadget Shoppe.
  8005 | D:9      | Reached skill level 10 in Fighting
  8005 | D:9      | Reached XP level 11. HP: 90/90 MP: 11/11
  8123 | D:9      | Found Plog's Food Emporium.
  8258 | D:10     | Entered Level 10 of the Dungeon
  8267 | D:10     | Found a staircase to the Orcish Mines.
  8277 | D:10     | Reached skill level 1 in Dodging
  8277 | D:10     | Reached skill level 5 in Air Magic
  8424 | D:10     | Reached skill level 10 in Polearms
  8529 | D:10     | Reached **** piety under Ashenzari
  8783 | D:10     | Found a staircase to the Lair.
  8793 | Lair:1   | Entered Level 1 of the Lair of Beasts
  8801 | D:10     | HP: 4/90 [blink frog (8)]
  8802 | D:10     | Slain by a blink frog

Vault maps used:
D:1:      dpeg_arrival_tiny_a
D:2:      grunt_temple_overflow_octagram, uniq_terence, uniq_sigmund
D:3:      nicolae_overflow_crystal_walls, serial_bayou, serial_bayou_lake_a,
          serial_bayou_pond_c, serial_bayou_pond_d, serial_bayou_pond_d,
          serial_bayou_pond_c, glass_columns_c, minmay_misc_feat_nine_boxes,
          grunt_ministairs_13
D:4:      kennysheep_ying_yang, first_bread, nicolae_elemental_shop
D:5:      minmay_temple_entry_grid, uniq_grinder
D:6:      minitemple
D:7:      tso_oasis_becter
D:8:      serial_shops, nicolae_shop_statue_plus, uniq_erolcha, uniq_pikel,
          uniq_grum
D:9:      serial_shops, shop, blue_anna_alchemist, lemuel_flame_loot_1
D:10:     grunt_lair_entry_orc_guard_hut, minmay_orc_entry_guard_dogs
Lair:1:   basic_altar, ldierk_geyser, lemuel_fruit_fields

Skill      XL: |  1  2  3  4  5  6  7  8  9 10 11 |
---------------+----------------------------------+-----
Long Blades    | 3 |  3.8
Fighting       | 4 5 6 7 9 10 | 10.0
Armour         | 4 5 6 |  6.1
Polearms       | 2 4 7 9 10 | 10.2
Air Magic      | 2 4 5 |  5.7
Dodging        | 2 |  2.6
Shields        | |  3.0

Action                   |  1- 3 |  4- 6 |  7- 9 | 10-12 || total
-------------------------+-------+-------+-------+-------++-------
Melee: Long sword        |   100 |       |       |       ||   100
       Hand axe          |    13 |   140 |    39 |       ||   192
       Glaive            |       |       |   155 |   245 ||   400
Invok: Curse Item        |     1 |     1 |     1 |       ||     3
  Use: Scroll            |       |       |     9 |       ||     9
       Potion            |       |       |       |     1 ||     1
  Eat: Chunk             |     1 |     6 |     9 |     3 ||    19
       Bread ration      |       |       |     1 |     1 ||     2
       Fruit             |       |       |       |     1 ||     1
